AoeStats
← Pica das Galaxias

Four Lakes

509405202Analyzed
1v1 RM · 6d ago on Sep 26, 2026· 24m 10s· 2 players
Game mode
Random Map
Map size
Tiny (2 player)
Population
200
Speed
Normal
Resources
Standard
Victory
Conquest
Starting age
Dark Age
Ending age
Imperial Age
RankedLock teamsTeams togetherTeam positionsShared explorationLock speedFull tech treeHidden civsTurbo modeCheats
Victory
Defeat
🇺🇸 Ethiopians · United States
877
+16
🇧🇷 Byzantines · Brazil
887
-16
beasly08
12:58 Feudal Age
17:09 Castle Age
14:58 Double-Bit Axe
15:27 Fletching
23:52 Imperial Age
22:31 Ballistics
22:24 Horse Collar
23:19 Bow Saw
24:26 Wheelbarrow
24:06 Heavy Plow
24:33 Loom
Pica das Galaxias
2:15 Loom
2:40 Loom
10:56 Feudal Age
13:43 Wheelbarrow
19:11 Castle Age
17:33 Double-Bit Axe
19:09 Fletching
19:29 Forging
20:12 Elite Skirmisher
22:24 Bow Saw
Connection lost

Rejoining the realm…

Still unreachable

The connection could not be restored.

Session expired

The server has moved on; the page needs a fresh start.